 Dungeon Crawl Stone Soup version 0.22-a0-565-gfc6459a524 (webtiles) character file.

35 Kholdaimon the Insei (level 3, 0/23 HPs)
             Began as an Octopode Transmuter on June 29, 2018.
             Succumbed to a goblin's poison
             ... on level 1 of the Dungeon.
             The game lasted 00:06:47 (526 turns).

Kholdaimon the Insei (Octopode Transmuter)           Turns: 526, Time: 00:06:48

Health: 0/23       AC:  1    Str:  9    XL:     3   Next: 33%
Magic:  6/6        EV: 13    Int: 16    God:
Gold:   46         SH:  0    Dex: 12    Spells: 0/6 levels left

rFire    . . .     SeeInvis .     - Unarmed
rCold    . . .     Gourm    .   (no shield)
rNeg     . . .     Faith    .   (helmet restricted)
rPois    .         Spirit   .   (no amulet)
rElec    .         Reflect  .   (no ring)
rCorr    .         Harm     .   (no ring)
MR       .....                  (no ring)
Stlth    ++........             (no ring)
HPRegen  0.07/turn              (no ring)
MPRegen  0.10/turn              (no ring)
                                (no ring)
                                (no ring)

@: lethally poisoned (0 -> -2)
A: almost no armour, stealthy swim, amphibious, 8 rings, constrict 8, camouflage
1, gelatinous body 1
a: no special abilities


You were on level 1 of the Dungeon.
You were not hungry.

You visited 1 branch of the dungeon, and saw 1 of its levels.

You collected 46 gold pieces.

Inventory:

Hand Weapons
 d - a +0 hunting sling
Missiles
 a - 11 arrows
 e - 15 stones (quivered)
Scrolls
 f - a scroll of identify {unknown}
Comestibles
 b - 4 chunks of flesh
 c - 2 rations


   Skills:
 + Level 1.6 Fighting
 + Level 2.3 Dodging
 + Level 3.3 Unarmed Combat
 + Level 2.2 Spellcasting
 + Level 2.3 Transmutations
 * Level 0.1 Poison Magic


You couldn't memorise any spells.
You knew the following spells:

 Your Spells              Type           Power        Failure   Level  Hunger
a - Beastly Appendage     Tmut           #.....       8%          1    #......
b - Sticks to Snakes      Tmut           #.......     12%         2    ###....
c - Spider Form           Tmut/Pois      #.........   34%         3    ###....

Your spell library contained the following spells:

 Spells                   Type           Power        Failure   Level  Hunger
 Blade Hands              Tmut           #.........   91%         5    ######.
 Ice Form                 Ice/Tmut       #.......     77%         4    #####..


Dungeon Overview and Level Annotations

Branches:
Dungeon (1/15)

Altars:


Innate Abilities, Weirdness & Mutations

You cannot wear most types of armour.
You are very stealthy in the water. (Stealth+)
You are amphibious.
You can wear up to eight rings at the same time.
You can use your tentacles to constrict eight enemies at once.
Your skin changes colour to match your surroundings (Stealth+).
Your rubbery body absorbs attacks. (AC +1, EV +1)


Message History

* * * LOW HITPOINT WARNING * * *
You feel sick.
Your tentacle spike disappears.
* * * LOW HITPOINT WARNING * * *
You feel sick.
A frilled lizard comes into view.
* * * LOW HITPOINT WARNING * * *
You feel sick.
The frilled lizard hisses angrily.
You open the door.
* * * LOW HITPOINT WARNING * * *
You feel sick.
There is an open door here.
You tentacle-slap the frilled lizard.
You kill the frilled lizard!
* * * LOW HITPOINT WARNING * * *
You feel sick.
You open the door.
There is an open door here.
You die...

#.......# #......
#..##...# #......
####....#####......
##.#.#.#.#.........
..........##......
##.##+##.####......
#..#...#..# ##.....
##.'...'.## ##....
#.@#...#..# .....##
##.##+##.#..####.##
... .....# #...
##.#. #.#..# #..#
#.### #..... #...#
#.# ..# ##....#.
#.# .## ....... #..
..#s### .... ..


There were no monsters in sight!

Vanquished Creatures
  A dart slug (D:1)
  3 leopard geckos (D:1)
  3 giant cockroaches (D:1)
  5 goblins (D:1)
  4 hobgoblins (D:1)
  4 bats (D:1)
  4 frilled lizards (D:1)
  2 kobolds (D:1)
  2 rats (D:1)
28 creatures vanquished.

Notes
Turn   | Place    | Note
-------+----------+-------------------------------------------
     0 | D:1      | Kholdaimon the Octopode Transmuter began the quest for the Orb.
     0 | D:1      | Reached XP level 1. HP: 13/13 MP: 3/3
    38 | D:1      | Reached XP level 2. HP: 14/18 MP: 3/5
    42 | D:1      | Learned a level 2 spell: Sticks to Snakes
   162 | D:1      | Reached XP level 3. HP: 7/23 MP: 6/6
   474 | D:1      | Learned a level 3 spell: Spider Form
   522 | D:1      | HP: 1/23 [poisoned by a goblin]
   526 | D:1      | Succumbed to a goblin's poison

Vault maps used:
D:1:      tarquinn_simple_flora_water_f, minmay_misc_feat_doors

Action                   || total
-------------------------++-------
Melee: Unarmed           ||    49
       Constrict         ||    17
       Kick              ||    12
       Tentacles         ||     6
Throw: Stone             ||     1
 Cast: Beastly Appendage ||     8
       Sticks to Snakes  ||     1
Armor: Skin              ||     9
Dodge: Dodged            ||    25

Table legend:
 A = Spawn XP
 B = Non-spawn XP
 C = Spawn XP percentage of total XP
 D = Spawn monster count
 E = Non-spawn monster count
 F = Spawn count percentage of total count
 G = Total turns spent on level
                    A         B        C        D         E        F      G
               +---------+---------+-------+---------+---------+-------+---------
         Total |       0 |      50 |   0.0 |       0 |      28 |   0.0 |   526
               +---------+---------+-------+---------+---------+-------+---------
           D:1 |       0 |      50 |   0.0 |       0 |      28 |   0.0 |   526
               +---------+---------+-------+---------+---------+-------+---------
